 Dungeon Crawl Stone Soup version 0.19.5 (webtiles) character file.

231 Ponchio the Magician (level 5, -3/28 HPs)
             Began as a Deep Elf Conjurer on Mar 10, 2017.
             Was an Initiate of Vehumet.
             Killed from afar by a white imp (8 damage)
             ... with a puff of frost
             ... summoned by Natasha
             ... on level 3 of the Dungeon.
             The game lasted 00:28:20 (7262 turns).

Ponchio the Magician (Deep Elf Conjurer)            Turns: 7262, Time: 00:28:21

Health: -3/28      AC:  3    Str:  5    XL:     5   Next: 72%
Magic:  6/16       EV: 13    Int: 21    God:    Vehumet [......]
Gold:   114        SH:  0    Dex: 15    Spells: 3 memorised, 9 levels left

rFire  . . .     SeeInvis .     d - +0 dagger
rCold  . . .     Gourm    .     a - +0 robe
rNeg   . . .     Faith    .     (no shield)
rPois  .         Spirit   .     g - +0 helmet
rElec  .         Reflect  .     (no cloak)
rCorr  .         Harm     .     (no gloves)
MR     .....                    (no boots)
Stlth  ++........               (no amulet)
                                (no ring)
                                (no ring)

@: very slightly contaminated, slowed, very slow
A: no striking features
a: Renounce Religion


You were on level 3 of the Dungeon.
You worshipped Vehumet.
Vehumet was noncommittal.
You were hungry.

You visited 1 branch of the dungeon, and saw 3 of its levels.

You collected 114 gold pieces.

Inventory:

Hand Weapons
 d - a +0 dagger (weapon)
Armour
 a - a +0 robe (worn)
 g - a +0 helmet (worn)
Wands
 j - a wand of iceblast (0/15)
Scrolls
 f - 2 scrolls of identify
Potions
 e - a potion of ambrosia
 i - a potion of degeneration {unknown}
 k - a potion of flight {unknown}
Books
 b - a book of Conjurations

   Spells                             Type                      Level
   a - Magic Dart                     Conjuration                  1
   b - Searing Ray                    Conjuration                  2
   c - Dazzling Spray                 Conjuration/Hexes            3
   d - Fulminant Prism                Conjuration/Hexes            4
   e - Iskenderun's Mystic Blast      Conjuration                  4
   f - Iskenderun's Battlesphere      Conjuration/Charms           5
Comestibles
 c - a bread ration
 h - a meat ration
 m - a royal jelly


   Skills:
 - Level 2.4 Dodging
 - Level 2.4 Stealth
 - Level 7.0 Spellcasting
 - Level 4.3 Conjurations
 - Level 2.0 Hexes
 + Level 3.3 Charms


You had 9 spell levels left.
You knew the following spells:

 Your Spells              Type           Power        Failure   Level  Hunger
a - Magic Dart            Conj           ####         1%          1    None
b - Dazzling Spray        Conj/Hex       ###...       10%         3    #......
c - Iskenderun's Battles  Conj/Chrm      ###.....     54%         5    #####..


Dungeon Overview and Level Annotations

Branches:
Dungeon (3/15)

Altars:
Dithmenos
Fedhas
Hepliaklqana
Kikubaaqudgha
Makhleb
Sif Muna
Trog
Vehumet
Zin

Annotations:
D:3 Natasha


Message History

Natasha claws you! The crimson imp hits you.
As you read the scroll labeled FAXTEKK ZAPLIU, it crumbles to dust.
You feel blessed for a moment.
It was a scroll of remove curse.
Natasha misses you.
The crimson imp hits you but does no damage.
Natasha is no longer blind.
Natasha casts a spell at you. The magic dart hits you!
The crimson imp blinks!
Natasha barely misses you. Natasha claws you.
* * * LOW HITPOINT WARNING * * *
Okay, then.
A worm comes into view.
Natasha casts a spell.
The crimson imp blinks!
Natasha casts a spell at you.
You feel yourself slow down. The white imp gestures at you.
The puff of frost hits you!
You die...

###..................##..†.....
#..................##........
##............#####...##.$...
#>.)..............§..........
####....#...##..........##.....
#.......#.#+##.5........##.....
#.##....#.............####.....
#.#.............h..............
#.#...#.......@......5....
#.#......<................#
#.#.......................# ..
#.#.......................# ..
#.#.......#.#............. ..
#.......#....##w....... ..
##......#....# ....##. ..
#......#....# ....# ..
#...†..#....# ..


You could see a worm (wandering), Natasha, a crimson imp and a white imp.

Vanquished Creatures
  Terence (D:2)
  The ghost of thelegendofawesome the Ruffian, a weakling TrBe of Trog (D:3)
  Robin (D:2)
  7 adders
  An ooze (D:1)
  A worm (D:1)
  3 dart slugs
  3 leopard geckos
  3 giant cockroaches (D:1)
  17 goblins
  14 hobgoblins
  7 jackals
  A quokka (D:1)
  2 ball pythons (D:2)
  12 bats
  4 frilled lizards
  A jackal skeleton (D:2)
  6 kobolds
  8 rats
93 creatures vanquished.

Notes
Turn   | Place    | Note
-------+----------+-------------------------------------------
     0 | D:1      | Ponchio the Deep Elf Conjurer began the quest for the Orb.
     0 | D:1      | Reached XP level 1. HP: 10/10 MP: 6/6
   137 | D:1      | Reached skill level 4 in Spellcasting
   137 | D:1      | Reached XP level 2. HP: 3/15 MP: 0/9
   717 | D:1      | Reached XP level 3. HP: 19/19 MP: 3/11
   769 | D:1      | Learned a level 3 spell: Dazzling Spray
   777 | D:1      | Reached skill level 5 in Spellcasting
  3882 | D:1      | Noticed a soldier ant
  4426 | D:2      | Found a faded altar of an unknown god.
  4533 | D:2      | Noticed Terence
  4533 | D:2      | Reached XP level 4. HP: 24/24 MP: 6/13
  4534 | D:2      | Noticed Robin
  4542 | D:2      | Reached skill level 6 in Spellcasting
  5009 | D:2      | Found a hazy altar of Hepliaklqana.
  5097 | D:2      | Killed Robin
  5281 | D:2      | Found a blossoming altar of Fedhas.
  5281 | D:2      | Found a deep blue altar of Sif Muna.
  5286 | D:2      | Found a radiant altar of Vehumet.
  5483 | D:2      | Killed Terence
  5483 | D:2      | Reached skill level 7 in Spellcasting
  5483 | D:2      | Reached skill level 1 in Hexes
  5483 | D:2      | Reached XP level 5. HP: 28/28 MP: 12/16
  5490 | D:2      | Learned a level 5 spell: Iskenderun's Battlesphere
  5536 | D:2      | Found a burning altar of Makhleb.
  5692 | D:2      | Found a bloodstained altar of Trog.
  5693 | D:2      | Found a faded altar of an unknown god.
  5698 | D:2      | Became a worshipper of Vehumet
  5770 | D:2      | Found an ancient bone altar of Kikubaaqudgha.
  5774 | D:2      | Found a glowing silver altar of Zin.
  5775 | D:2      | Found a shadowy altar of Dithmenos.
  5779 | D:2      | Found a glowing silver altar of Zin.
  5782 | D:2      | Found an ancient bone altar of Kikubaaqudgha.
  5818 | D:2      | Found a faded altar of an unknown god.
  6031 | D:2      | Found a blossoming altar of Fedhas.
  6031 | D:2      | Found a deep blue altar of Sif Muna.
  6036 | D:2      | Found a radiant altar of Vehumet.
  6038 | D:2      | Found a bloodstained altar of Trog.
  6040 | D:2      | Found a faded altar of an unknown god.
  6109 | D:2      | Found a burning altar of Makhleb.
  6201 | D:2      | Found a hazy altar of Hepliaklqana.
  6274 | D:2      | Found a hazy altar of Hepliaklqana.
  6334 | D:2      | Reached skill level 1 in Charms
  6338 | D:2      | Found an ancient bone altar of Kikubaaqudgha.
  6341 | D:2      | Found a glowing silver altar of Zin.
  6344 | D:2      | Found a shadowy altar of Dithmenos.
  6378 | D:2      | Found a faded altar of an unknown god.
  6638 | D:2      | Found a burning altar of Makhleb.
  6688 | D:2      | Found a blossoming altar of Fedhas.
  6688 | D:2      | Found a deep blue altar of Sif Muna.
  6693 | D:2      | Found a radiant altar of Vehumet.
  6695 | D:2      | Found a bloodstained altar of Trog.
  6697 | D:2      | Found a faded altar of an unknown god.
  6856 | D:3      | Noticed Natasha
  7110 | D:3      | Noticed thelegendofawesome's ghost (weakling TrBe)
  7117 | D:3      | Killed thelegendofawesome's ghost
  7262 | D:3      | Killed from afar by a white imp

Skill      XL: |  1  2  3  4  5 |
---------------+----------------+-----
Spellcasting   | 4 5 7 |  7.0
Hexes          | 1 2 |  2.0
Charms         | 3 |  3.3
Dodging        | |  2.4
Stealth        | |  2.4
Conjurations   | |  4.3

Action                   |  1- 3 |  4- 6 || total
-------------------------+-------+-------++-------
Melee: Dagger            |     5 |    30 ||    35
 Cast: Magic Dart        |   105 |    88 ||   193
       Dazzling Spray    |     1 |    18 ||    19
Evoke: Wand              |       |     4 ||     4
  Use: Scroll            |     2 |     1 ||     3
  Eat: Chunk             |    11 |     8 ||    19
Armor: Robe              |     2 |    11 ||    13
Dodge: Dodged            |    10 |    53 ||    63
